 Dungeon Crawl Stone Soup version 0.20-a0-1065-g8446734 (webtiles) character file.

308 galech the Skirmisher (level 6, -1/66 HPs)
             Began as an Ogre Berserker on Apr 28, 2017.
             Was a Believer of Trog.
             Slain by a phantom (2 damage)
             ... on level 4 of the Dungeon.
             The game lasted 00:05:43 (4429 turns).

galech the Skirmisher (Ogre Berserker)              Turns: 4429, Time: 00:05:45

Health: -1/66      AC:  3    Str: 22 (24) XL:     6   Next: 40%
Magic:  6/6        EV: 10    Int:  7 (8)  God:    Trog [**....]
Gold:   151        SH:  0    Dex:  7 (8)  Spells: 5/5 levels left

rFire    x . .     SeeInvis .   a - +0 mace
rCold    + . .     Gourm    .   (no shield)
rNeg     . . .     Faith    .   b - +0 animal skin
rPois    .         Spirit   .   (helmet restricted)
rElec    .         Reflect  .   (no cloak)
rCorr    .         Harm     .   (gloves unavailable)
MR       .....                  (boots unavailable)
Stlth    +.........             (no amulet)
Regen    0.3/turn               e - ring of ice
MPRegen  0.1/turn               (no ring)

@: no status effects
A: unfitting armour, tough skin 1
a: Berserk, Trog's Hand, Burn Spellbooks, Renounce Religion


You were on level 4 of the Dungeon.
You worshipped Trog.
Trog was pleased with you.
You were hungry.

You visited 1 branch of the dungeon, and saw 5 of its levels.

You collected 151 gold pieces.

Inventory:

Hand Weapons
 a - a +0 mace (weapon)
Armour
 b - a +0 animal skin (worn)
Jewellery
 e - a ring of ice (left hand)
Scrolls
 d - 2 scrolls of magic mapping {unknown}
 h - 5 scrolls of identify {unknown}
 i - a scroll of random uselessness {unknown}
 j - a scroll of amnesia {unknown}
 m - 2 scrolls of enchant armour {unknown}
 p - a scroll of immolation {unknown}
Potions
 g - a potion of degeneration
 n - a potion of berserk rage {unknown}
Comestibles
 c - 2 bread rations
 f - 2 meat rations
 k - 2 royal jellies


   Skills:
 + Level 5.4 Fighting
 + Level 4.7 Maces & Flails
 + Level 3.9 Dodging
 + Level 1.0 Stealth


You had 5 spell levels left.
You didn't know any spells.

Dungeon Overview and Level Annotations

Branches:
Dungeon (5/15)
 Temple: D:4-7

Altars:
Cheibriados
Gozag
Okawaru
Ru

Annotations:
D:3 feelmyfire's ghost, amateur DgTm


Innate Abilities, Weirdness & Mutations

You are too large for most types of armour.
You have tough skin. (AC +1)


Message History

You hit the orc but do no damage.
The orc is moderately wounded.
The orc hits you but does no damage. The orc priest closely misses you.
You barely miss the orc.
The orc is moderately wounded.
The orc hits you with a club.
* * * LOW HITPOINT WARNING * * *
The orc priest closely misses you.
The phantom blinks!
You closely miss the orc.
The orc is moderately wounded.
The orc closely misses you.
The orc priest begins to cast a cantrip, but forgets the words!
You hit the orc.
The orc is moderately wounded.
The orc barely misses you.
The orc priest calls down the wrath of Beogh upon you.
Beogh smites you!
* * * LOW HITPOINT WARNING * * *
The phantom hits you.
You die...

#.##.#........##.##.### #
#.##.##.#.###.......# # #######
#.##.............#### #
#.....####.#####.#.######## #
#.###......#####.#......# # ..#
#.####.......######.## # #.###.#
#.####### #...# #
#.....####.....Wo# #...# #
########.....###@# #...# # #
####.###.###o# #...# ##
#####....# #..##.# #...# #.
#.....##.###..##.#####...#######.
#.....##.....###...............#.
#........#.....................#.
#.....##)##.####...............#.
#...........# #######...#####.#.
########.##.# #...# #...


You could see a phantom, an orc priest and an orc.

Vanquished Creatures
  A scorpion (D:4)
  A hound (D:4)
  Jessica (D:2)
  Terence (D:3)
  An iguana (D:4)
  A worker ant (D:4)
  3 gnolls (D:4)
  An adder (D:2)
  An ooze (D:4)
  An adder skeleton (D:4)
  A worm (D:4)
  A dart slug (D:4)
  3 leopard geckos
  6 orcs
  7 bats
  7 goblins
  4 hobgoblins
  11 jackals
  2 kobolds
  2 quokkas
  A ball python (D:3)
  6 frilled lizards
  A leopard gecko skeleton (D:4)
  5 rats
69 creatures vanquished.

Notes
Turn   | Place    | Note
-------+----------+-------------------------------------------
     0 | D:1      | galech the Ogre Berserker began the quest for the Orb.
     0 | D:1      | Reached XP level 1. HP: 24/24 MP: 1/1
   271 | D:1      | Reached XP level 2. HP: 8/33 MP: 2/2
  1184 | D:2      | Reached ** piety under Trog
  1184 | D:2      | Reached XP level 3. HP: 30/40 MP: 3/3
  1732 | D:2      | Noticed Jessica
  1735 | D:2      | Killed Jessica
  1735 | D:2      | Reached XP level 4. HP: 49/49 MP: 4/4
  1906 | D:3      | Found an opulent altar of Gozag.
  1960 | D:3      | Found an iron altar of Okawaru.
  2080 | D:3      | Noticed Terence
  2088 | D:3      | Killed Terence
  2304 | D:3      | Found a snail-covered altar of Cheibriados.
  2314 | D:3      | Reached XP level 5. HP: 55/55 MP: 5/5
  2401 | D:3      | Noticed feelmyfire's ghost (amateur DgTm)
  2861 | D:4      | Reached skill level 5 in Fighting
  3325 | D:4      | Reached skill level 1 in Stealth
  3325 | D:4      | Reached XP level 6. HP: 27/66 MP: 6/6
  3719 | D:4      | Found a sacrificial altar of Ru.
  4125 | D:5      | Entered Level 5 of the Dungeon
  4130 | D:5      | Noticed a phantom
  4424 | D:4      | HP: 2/66 [orc priest/nerve-wracking pain (11)]
  4429 | D:4      | HP: 1/66 [orc priest/divine providence (9)]
  4429 | D:4      | Slain by a phantom

Vault maps used:
D:1:      dpeg_arrival_pond
D:2:      uniq_jessica
D:3:      nicolae_gozag_cash_rules_everything_around_me, lemuel_doored_altar,
          kennysheep_okawaru_gauntlet, st_stairs_5, uniq_terence
D:4:      first_bread, nicolae_ru_the_path_less_chosen
D:5:      kennysheep_slug_shrine

Skill      XL: |  1  2  3  4  5 |
---------------+----------------+-----
Maces & Flails | 3 4 |  4.7
Dodging        | 3 |  3.9
Fighting       | 5 |  5.4
Stealth        | 1 |  1.0

Action                   |  1- 3 |  4- 6 || total
-------------------------+-------+-------++-------
Melee: Mace              |   111 |   199 ||   310
  Use: Potion            |       |     4 ||     4
 Stab: Sleeping          |     1 |       ||     1
       Distracted        |       |     1 ||     1
  Eat: Chunk             |     3 |     8 ||    11
Armor: Animal skin       |    59 |    52 ||   111
       Skin              |       |    11 ||    11
Dodge: Dodged            |    94 |   126 ||   220
